[Event "Friday Night Engine Tour 13 rd Swiss 3m+1s Starts at 2200hrs ST"]
[Site "Infinity Chess"]
[Date "2018.4.13"]
[Round "6"]
[White "MCDermont"]
[Black "MGR"]
[Result "1/2-1/2 "]
[ECO "C50"]
[WhiteElo "2593"]
[BlackElo "2496"]
[WhiteEngine "BrainFish 090218"]
[BlackEngine "Cfish 2018-04-08 64 NUMA BMI2"]
[EventType "Swiss"]
[WhiteTeam ""]
[BlackTeam ""]
[PlyCount "153"]
[TimeControl "180+1"]

1. e4 e5 2. Nf3 Nc6 3. Bc4 Bc5 4. O-O Nf6 5. d3 d6 6. c3 a5 7. Nbd2 O-O 
8. Re1 h6 9. Nf1 Be6 10. Bb5 Ne7 11. h3 Bb6 12. d4 exd4 13. Nxd4 Bd7 
14. Bxd7 Qxd7 15. Ng3 Ng6 16. Ndf5 Rfe8 17. Be3 Bxe3 18. Rxe3 a4 19. Qd4 Qd8 
20. Rd1 Ra5 21. c4 h5 22. Ne2 Ne7 23. Nxe7+ Qxe7 24. Nc3 Re5 25. Rde1 Qd7 
26. f4 R5e6 27. R1e2 h4 28. g4 hxg3 29. f5 Re5 30. Rxg3 Nh5 31. Rg4 a3 
32. b4 Nf6 33. Rg5 Kf8 34. Rg3 Qc6 35. Reg2 Rxe4 36. Nxe4 Rxe4 37. b5 Qe8 
38. Qc3 Nh5 39. Rg4 Re3 40. Qd4 Rxh3 41. Re4 Qd7 42. Qf2 Qd8 43. Re3 Rxe3 
44. Qxe3 Qh4 45. Qxa3 Qe1+ 46. Kh2 Qe5+ 47. Kh1 Qxf5 48. b6 Nf4 49. bxc7 Qh5+ 
50. Kg1 Qd1+ 51. Kf2 Qd2+ 52. Kg3 Qxg2+ 53. Kxf4 Qf1+ 54. Kg3 Qe1+ 55. Kg2 Qe2+ 
56. Kg3 Qe5+ 57. Kg2 Qg5+ 58. Kh2 Qe5+ 59. Kg1 Qd4+ 60. Kh2 Qe5+ 61. Kg1 Qg5+ 
62. Kf1 Qf6+ 63. Kg1 Qg5+ 64. Kf1 Qf5+ 65. Ke1 Ke7 66. Qa8 Qb1+ 67. Kd2 Qb2+ 
68. Kd1 Qb1+ 69. Ke2 Qb2+ 70. Kd1 Qb1+ 71. Ke2 Qe4+ 72. Kd1 Qg4+ 73. Kd2 Qd4+ 
74. Ke1 Qc3+ 75. Kd1 Qf3+ 76. Kc1 Qe3+ 77. Kc2 1/2-1/2

[Event "Friday Night Engine Tour 13 rd Swiss 3m+1s Starts at 2200hrs ST"]
[Site "Infinity Chess"]
[Date "2018.4.13"]
[Round "6"]
[White "Time_bandit"]
[Black "star99"]
[Result "1-0 "]
[ECO "B53"]
[WhiteElo "2576"]
[BlackElo "2516"]
[WhiteEngine "asmFishW_2018-02-02_popcnt"]
[BlackEngine "Cryptic Heroes 9.4B"]
[EventType "Swiss"]
[WhiteTeam ""]
[BlackTeam ""]
[PlyCount "139"]
[TimeControl "180+1"]

1. e4 c5 2. Nf3 d6 3. d4 Nf6 4. Nc3 cxd4 5. Nxd4 Nc6 6. Bg5 e6 7. Qd2 Be7 
8. O-O-O O-O 9. f4 Nxd4 10. Qxd4 Qa5 11. Bc4 h6 12. Bh4 e5 13. fxe5 dxe5 
14. Qd3 Bg4 15. Rdf1 Be6 16. Bxf6 Bxf6 17. Kb1 Qc5 18. Bb3 Rac8 19. h4 a5 
20. Nd5 Bd8 21. a4 Rb8 22. Qg3 Qd4 23. Nc3 Bxb3 24. cxb3 Qb6 25. Ka2 Qg6 
26. Qf3 h5 27. Rd1 Qg4 28. Qxg4 hxg4 29. Rd5 f6 30. h5 Rf7 31. Rhd1 Bc7 
32. Rd7 Rbf8 33. Nb5 Bb6 34. R7d5 Kh7 35. Nd6 Rc7 36. b4 axb4 37. Nf5 Bc5 
38. a5 Kg8 39. Kb3 Rff7 40. Rd8+ Kh7 41. R1d5 Bd4 42. g3 Bc5 43. Rb8 Rfd7 
44. Rc8 Bf2 45. Rd2 Bg1 46. Kxb4 g6 47. hxg6+ Kxg6 48. Rg8+ Kh5 49. Rg2 Rc1 
50. Kb5 Rc5+ 51. Ka4 Rd1 52. Nd6 Rc7 53. Ne8 Rc6 54. Ng7+ Kh6 55. Nf5+ Kh5 
56. Ne3 Ra1+ 57. Kb3 b6 58. Nc2 Rc1 59. a6 Rc7 60. Nb4 Ra7 61. Nd5 Kh6 
62. Nc3 Ra1 63. Ne2 R1xa6 64. Rxg1 Ra1 65. Rxa1 Rxa1 66. Nc3 Rf1 67. Nd5 f5 
68. exf5 Rxf5 69. Rxg4 Rf3+ 70. Kc4 1-0

[Event "Friday Night Engine Tour 13 rd Swiss 3m+1s Starts at 2200hrs ST"]
[Site "Infinity Chess"]
[Date "2018.4.13"]
[Round "6"]
[White "Victorious"]
[Black "Cepri"]
[Result "1-0"]
[ECO "C55"]
[WhiteElo "2618"]
[BlackElo "2526"]
[WhiteEngine "Cfish_x64_060418_LTO_popcnt"]
[BlackEngine "asmfishw_08A18b_CTG"]
[EventType "Swiss"]
[WhiteTeam ""]
[BlackTeam ""]
[PlyCount "120"]
[TimeControl "180+1"]

1. e4 e5 2. Nf3 Nc6 3. Bc4 Nf6 4. d3 Bc5 5. O-O d6 6. c3 O-O 7. Re1 a6 8. h3 Ba7 
9. a4 h6 10. Nbd2 Nh5 11. Nf1 Qf6 12. N1h2 Qg6 13. g4 Nf6 14. Nh4 Qh7 
15. N2f3 Be6 16. Bb3 g6 17. Bd2 Rae8 18. Ba2 Nd8 19. Bb1 Qg7 20. Kg2 Bd7 
21. Qc1 Kh7 22. b4 Ne6 23. Ba2 Ng8 24. Qc2 Ne7 25. Rg1 Rc8 26. Rab1 c6 
27. Be3 Bxe3 28. fxe3 f6 29. Rbf1 d5 30. Rf2 a5 31. bxa5 Ra8 32. d4 Rxa5 
33. Rgf1 Raa8 34. Kg1 Rae8 35. dxe5 fxe5 36. Bb1 Nc5 37. Qb2 Nxe4 38. Bxe4 dxe4 
39. Nd2 b5 40. Nxe4 Nd5 41. Qb1 bxa4 42. c4 Ne7 43. Qd1 Rxf2 44. Rxf2 Ng8 
45. Qxa4 Rf8 46. Rxf8 Qxf8 47. Qa7 Qe7 48. Nf3 Kg7 49. Nxe5 Qxe5 50. Qxd7+ Ne7 
51. Qd4 Qxd4 52. exd4 Nc8 53. Kf2 Nb6 54. Nd2 Kf7 55. Ke3 Nd7 56. Ke4 Ke6 
57. h4 Nb6 58. Kf4 Kf6 59. Ne4+ Kf7 60. c5 Nd7 1-0

[Event "Friday Night Engine Tour 13 rd Swiss 3m+1s Starts at 2200hrs ST"]
[Site "Infinity Chess"]
[Date "2018.4.13"]
[Round "5"]
[White "localhero"]
[Black "OlivierEvan"]
[Result "1-0"]
[ECO "B28"]
[WhiteElo "2500"]
[BlackElo "2409"]
[WhiteEngine "asmFishW_2017-10-04_popcnt"]
[BlackEngine "Houdini 6"]
[EventType "Swiss"]
[WhiteTeam ""]
[BlackTeam ""]
[PlyCount "227"]
[TimeControl "180+1"]

1. e4 c5 2. Nf3 a6 3. Nc3 e6 4. d4 cxd4 5. Nxd4 Bb4 6. Bd2 d5 7. a3 Be7 
8. exd5 Nf6 9. Be2 O-O 10. Bf3 exd5 11. O-O Nc6 12. Bf4 Qb6 13. Be3 Qd8 
14. Re1 Bd6 15. Qd2 Re8 16. Nxd5 Nxd5 17. Bg5 Be7 18. Nxc6 bxc6 19. Bxe7 Rxe7 
20. c4 Be6 21. Rad1 Rd7 22. cxd5 cxd5 23. b4 Rc8 24. Be2 Rd6 25. Qd4 Qc7 
26. a4 Qb6 27. a5 Qxd4 28. Rxd4 Rc2 29. f3 g6 30. Kf2 Kg7 31. Red1 Rb2 
32. R1d2 Rb3 33. g3 Kf6 34. Bd1 Rb1 35. Bc2 Rb2 36. Bd1 Rb1 37. Bc2 Rb2 
38. Be4 Rb3 39. Bxd5 Bxd5 40. Rxd5 Rxd5 41. Rxd5 Ke7 42. Rd4 Rb2+ 43. Kg1 f6 
44. g4 Ke6 45. Rc4 f5 46. g5 Kd5 47. Rh4 Ke5 48. Kf1 f4 49. Rxh7 Rxb4 
50. Rc7 Ra4 51. h4 Rxa5 52. Rc2 Rd5 53. Ra2 a5 54. Kg2 Ke6 55. Ra4 Kf5 
56. Rc4 Ke5 57. Re4+ Kf5 58. Ra4 Rd2+ 59. Kh3 Rd5 60. Rc4 Rd1 61. Rc5+ Ke6 
62. Kg4 a4 63. Ra5 Rg1+ 64. Kxf4 Rh1 65. Kg3 Ra1 66. f4 Rg1+ 67. Kf2 Rb1 
68. f5+ gxf5 69. Rxa4 Ke5 70. Ra3 Rh1 71. Ra5+ Ke6 72. Ra4 Ke5 73. Kg2 Rb1 
74. Ra3 f4 75. h5 Kf5 76. g6 Kg5 77. Ra5+ Kh6 78. Kf3 Rf1+ 79. Ke4 Re1+ 
80. Kxf4 Rh1 81. Kf3 Rf1+ 82. Kg3 Rg1+ 83. Kf2 Rh1 84. Kg2 Rh4 85. Kf3 Rh1 
86. Kg2 Rh4 87. Kg3 Rh1 88. Kf3 Rf1+ 89. Ke4 Re1+ 90. Kf5 Rf1+ 91. Ke6 Rf6+ 
92. Ke5 Rf8 93. Ra6 Rb8 94. Kf5 Rf8+ 95. Ke6 Rc8 96. Kf7 Rc7+ 97. Kf6 Rc1 
98. Ra7 Rf1+ 99. Ke6 Rf8 100. g7 Rg8 101. Kf6 Kh7 102. h6 Re8 103. Rf7 Re1 
104. Rf8 Rf1+ 105. Ke5 Re1+ 106. Kf4 Rf1+ 107. Ke3 Rg1 108. Rh8+ Kg6 
109. g8=Q+ Kf5 110. Qxg1 Kf6 111. Re8 Kf5 112. h7 Kf6 113. h8=Q+ Kf5 114. Re5# 
1-0

[Event "Friday Night Engine Tour 13 rd Swiss 3m+1s Starts at 2200hrs ST"]
[Site "Infinity Chess"]
[Date "2018.4.13"]
[Round "5"]
[White "alexxx97"]
[Black "klasman"]
[Result "1/2-1/2 "]
[ECO "C55"]
[WhiteElo "2367"]
[BlackElo "2408"]
[WhiteEngine "stockfish_x64_modern_CTG"]
[BlackEngine "Raubfisch ME262_GTZ17a."]
[EventType "Swiss"]
[WhiteTeam ""]
[BlackTeam ""]
[PlyCount "171"]
[TimeControl "180+1"]

1. e4 e5 2. Nf3 Nc6 3. Bc4 Nf6 4. d3 Bc5 5. O-O d6 6. c3 O-O 7. Nbd2 a5 
8. Re1 h6 9. Nf1 a4 10. h3 Bd7 11. Bb5 Ne7 12. Bxd7 Qxd7 13. d4 exd4 
14. cxd4 Bb4 15. Bd2 Bxd2 16. N3xd2 Qb5 17. Rb1 Rfb8 18. Nf3 Re8 19. Ng3 Ng6 
20. b4 axb3 21. Rxb3 Qc6 22. Qb1 b6 23. Ree3 Ra5 24. a3 Qd7 25. d5 Rc5 
26. Rb4 c6 27. dxc6 Qxc6 28. Re1 Qc8 29. Rxb6 d5 30. Rb4 Rc3 31. e5 Nxe5 
32. Nxe5 Rxe5 33. Rxe5 Rc1+ 34. Re1 Rxb1 35. Rbxb1 h5 36. Rbc1 Qa6 37. Ra1 Qa4 
38. Red1 g6 39. Ne2 Qb5 40. Rd2 Ne4 41. a4 Qc4 42. Rc1 Qxa4 43. Rxd5 Qa2 
44. Rd8+ Kg7 45. Re1 Qa5 46. Rdd1 Qf5 47. Rf1 Qc5 48. Rd3 h4 49. Re3 Qd5 
50. Nc3 Nxc3 51. Rxc3 Qd4 52. Rcc1 g5 53. Rfd1 Qe4 54. Rd7 Qe5 55. Rcd1 Kg6 
56. R7d5 Qf4 57. R5d3 Qa4 58. Rd6+ Kh5 59. Rc1 Qa3 60. Rcd1 Qa4 61. R6d3 f6 
62. Rd4 Qc2 63. Rd5 Qe4 64. Kh2 Qf4+ 65. Kg1 Kg6 66. Rd6 Qe5 67. R6d5 Qf4 
68. R5d2 Qc4 69. Rd7 Qf4 70. R7d4 Qc7 71. Rd6 Qc3 72. R6d5 Qc2 73. R5d4 Qe2 
74. R4d3 Kh5 75. Rd6 Qe5 76. R6d5 Qc3 77. R5d4 Kg6 78. R4d3 Qc2 79. Rd4 Kh5 
80. Rd5 Qc3 81. Rd8 Kg6 82. R8d3 Qc2 83. R3d2 Qe4 84. Rd4 Qe5 85. Ra4 Qc5 
86. Raa1 1/2-1/2

[Event "Friday Night Engine Tour 13 rd Swiss 3m+1s Starts at 2200hrs ST"]
[Site "Infinity Chess"]
[Date "2018.4.13"]
[Round "5"]
[White "Dovahkiin"]
[Black "incredible"]
[Result "1/2-1/2"]
[ECO "A46"]
[WhiteElo "2407"]
[BlackElo "2500"]
[WhiteEngine "Raubfisch ME262_GTZ16f_CTG"]
[BlackEngine "stockfish_16040910_x64_bmi2"]
[EventType "Swiss"]
[WhiteTeam ""]
[BlackTeam ""]
[PlyCount "119"]
[TimeControl "180+1"]

1. d4 Nf6 2. Nf3 d5 3. c4 e6 4. Nc3 Be7 5. e3 O-O 6. a3 Nbd7 7. b3 b6 8. Bd3 c5 
9. Bb2 Bb7 10. O-O Ne4 11. Qe2 Nxc3 12. Bxc3 cxd4 13. exd4 Bd6 14. Bb4 Qe7 
15. Bxd6 Qxd6 16. Rfd1 Rac8 17. Qe3 Rfd8 18. a4 a5 19. Rac1 Qe7 20. Rb1 Qb4 
21. Ra1 h6 22. h3 Kf8 23. Be2 Qd6 24. Nd2 Kg8 25. Nb1 dxc4 26. bxc4 e5 
27. Nc3 exd4 28. Rxd4 Qg6 29. Bg4 h5 30. Bf3 Bxf3 31. Qxf3 Ne5 32. Rxd8+ Rxd8 
33. Qe2 Qe6 34. Qxh5 Nxc4 35. Qh4 f6 36. Rc1 Ne5 37. Nb5 Qf5 38. Qg3 Rd3 
39. f3 Rd2 40. Kh1 Qd3 41. Qe1 Qe2 42. Qxe2 Rxe2 43. Rd1 Rb2 44. Rd6 Nc4 
45. Rc6 Ne3 46. g4 Ng2 47. Kg1 Nh4 48. f4 Ng2 49. g5 Nxf4 50. gxf6 gxf6 
51. Rxf6 Nxh3+ 52. Kf1 Rb4 53. Rxb6 Rxa4 54. Ra6 Rf4+ 55. Ke2 a4 56. Nc3 a3 
57. Rxa3 Ng5 58. Ra5 Rg4 59. Nd5 Kf7 60. Ne3 1/2-1/2

[Event "Friday Night Engine Tour 13 rd Swiss 3m+1s Starts at 2200hrs ST"]
[Site "Infinity Chess"]
[Date "2018.4.13"]
[Round "5"]
[White "MGR"]
[Black "Vimtiroba"]
[Result "1/2-1/2"]
[ECO "C50"]
[WhiteElo "2495"]
[BlackElo "2510"]
[WhiteEngine "Raubfisch ME262_GTZ17b"]
[BlackEngine "SF9 ''A5''_CTG"]
[EventType "Swiss"]
[WhiteTeam ""]
[BlackTeam ""]
[PlyCount "137"]
[TimeControl "180+1"]

1. e4 e5 2. Nf3 Nc6 3. Bc4 Bc5 4. O-O Nf6 5. d3 O-O 6. c3 a5 7. d4 Bb6 
8. dxe5 Ng4 9. Bf4 Qe8 10. Qd5 Ne7 11. Qd2 Ng6 12. Na3 N6xe5 13. Nxe5 Nxe5 
14. Bb5 Qe7 15. Bg5 f6 16. Be3 Bxe3 17. Qxe3 d6 18. f4 Nd7 19. Bc4+ Kh8 
20. Nb5 c6 21. Nc7 Rb8 22. Ne6 Re8 23. Rad1 Nb6 24. Qxb6 Bxe6 25. Bxe6 Qxe6 
26. Rfe1 Qg4 27. Rxd6 Qxf4 28. Rd7 h6 29. Qc7 Qg5 30. Qd6 Qb5 31. Qg3 Rg8 
32. e5 fxe5 33. Qxe5 Qxb2 34. Rd6 Rge8 35. Rxh6+ Kg8 36. Rh8+ Kxh8 37. Qh5+ Kg8 
38. Rxe8+ Rxe8 39. Qxe8+ Kh7 40. Qh5+ Kg8 41. Qe8+ Kh7 42. Qe4+ Kh6 43. Qh4+ Kg6 
44. Qg4+ Kf6 45. Qf3+ Ke7 46. Qe3+ Kd7 47. Qd4+ Ke6 48. Qxg7 Qa1+ 49. Kf2 Qxa2+ 
50. Ke3 Kd6 51. Qxb7 Qxg2 52. Qb8+ Kc5 53. Qa7+ Kb5 54. Qb7+ Ka4 55. h4 Qg1+ 
56. Kd2 Qh1 57. h5 Qh2+ 58. Kc1 Qd6 59. Qh7 Qf4+ 60. Kb2 Qb8+ 61. Ka1 Qh2 
62. h6 Ka3 63. Qe7+ Kb3 64. Qb7+ Ka3 65. Qe7+ Kb3 66. Qe6+ Kxc3 67. Qxc6+ Kb4 
68. Qc1 Qh3 69. h7 1/2-1/2

[Event "Friday Night Engine Tour 13 rd Swiss 3m+1s Starts at 2200hrs ST"]
[Site "Infinity Chess"]
[Date "2018.4.13"]
[Round "5"]
[White "Cepri"]
[Black "RonWeasley"]
[Result "1/2-1/2"]
[ECO "C11"]
[WhiteElo "2527"]
[BlackElo "2496"]
[WhiteEngine "asmfishw_08A18b_CTG"]
[BlackEngine "BrainFish 090218_CTG"]
[EventType "Swiss"]
[WhiteTeam ""]
[BlackTeam ""]
[PlyCount "129"]
[TimeControl "180+1"]

1. e4 e6 2. d4 d5 3. Nc3 Nf6 4. e5 Nfd7 5. f4 c5 6. Nf3 Nc6 7. Be3 cxd4 
8. Nxd4 Qb6 9. Qd2 Qxb2 10. Rb1 Qa3 11. Bb5 Nxd4 12. Bxd4 a6 13. Bxd7+ Bxd7 
14. Rb3 Qe7 15. Rxb7 Rc8 16. O-O Qd8 17. f5 exf5 18. Qd3 Bc5 19. Bxc5 Rxc5 
20. Nxd5 Bc8 21. Re7+ Kf8 22. Qa3 Qa5 23. Qxa5 Rxa5 24. Rc7 Be6 25. Nf4 Rxe5 
26. Nxe6+ Rxe6 27. Rxf5 Re7 28. Rc8+ Re8 29. Rfc5 Ke7 30. R8c6 g6 31. Rxa6 Rc8 
32. Re5+ Kf8 33. Re2 Kg7 34. Ra7 Ra8 35. Rxa8 Rxa8 36. c4 Kf6 37. c5 Ra6 
38. h3 Ra4 39. Rc2 Ke7 40. c6 Kd8 41. Rb2 Kc7 42. Rb7+ Kxc6 43. Rxf7 Kd5 
44. Rxh7 Ke6 45. Rh8 Rxa2 46. Rf8 g5 47. Kh2 Ra3 48. Rf2 Ke5 49. g3 Ra4 
50. Kg2 Ra7 51. g4 Ke6 52. Rf5 Ra2+ 53. Kf1 Ra1+ 54. Ke2 Ra2+ 55. Kf1 Ra1+ 
56. Kf2 Ra2+ 57. Kg3 Ra3+ 58. Kh2 Ra2+ 59. Kg1 Ra1+ 60. Kf2 Ra2+ 61. Kg1 Ra1+ 
62. Kg2 Ra2+ 63. Kf3 Ra3+ 64. Ke2 Rxh3 65. Kf2 1/2-1/2

[Event "Friday Night Engine Tour 13 rd Swiss 3m+1s Starts at 2200hrs ST"]
[Site "Infinity Chess"]
[Date "2018.4.13"]
[Round "5"]
[White "star99"]
[Black "MCDermont"]
[Result "1/2-1/2 "]
[ECO "D30"]
[WhiteElo "2513"]
[BlackElo "2596"]
[WhiteEngine "Cryptic Heroes 9.4B"]
[BlackEngine "BrainFish 090218"]
[EventType "Swiss"]
[WhiteTeam ""]
[BlackTeam ""]
[PlyCount "218"]
[TimeControl "180+1"]

1. d4 d5 2. c4 e6 3. Nf3 Nf6 4. e3 Be7 5. Nc3 O-O 6. a3 Nbd7 7. cxd5 exd5 
8. Bd3 c6 9. O-O Re8 10. Qc2 Bd6 11. Re1 h6 12. h3 Nb6 13. a4 a5 14. b3 Qe7 
15. Bb2 Bb4 16. Ne5 Nbd7 17. f4 Ne4 18. Rf1 Nd6 19. Na2 Nf6 20. Nc3 h5 
21. Rf3 Bxc3 22. Bxc3 Nfe4 23. Be1 f6 24. Ng6 Qf7 25. Nh4 Nf5 26. Bxe4 dxe4 
27. Nxf5 exf3 28. Nd6 Qe7 29. Nxe8 Qxe3+ 30. Qf2 Qxe8 31. Qxf3 Bf5 32. b4 Rd8 
33. Qc3 axb4 34. Qxb4 Rd7 35. Bf2 Be4 36. Qb3+ Bd5 37. Qc2 Re7 38. a5 Re4 
39. Rb1 Qg6 40. Be3 f5 41. Re1 h4 42. Qd2 Qg3 43. Qf2 Kf7 44. Re2 Kg6 
45. Re1 Kf7 46. Re2 g6 47. Re1 Kg8 48. Re2 Kf7 49. Re1 g5 50. fxg5 f4 
51. Bd2 Qxf2+ 52. Kxf2 Rxd4 53. Re2 Kg6 54. Ke1 Ra4 55. Re8 Bxg2 56. Rf8 Bxh3 
57. Bxf4 Rxa5 58. Rh8 Ra1+ 59. Kf2 Ra2+ 60. Ke1 Be6 61. Rxh4 Bd5 62. Be3 b5 
63. Rf4 Kh5 64. Rd4 Kg6 65. Rf4 Kh5 66. Rf2 Ra4 67. Kd2 b4 68. Rh2+ Kg4 
69. Rf2 b3 70. Kc3 Re4 71. Kd3 Kh5 72. Bc1 Rc4 73. Be3 Kg6 74. Rf6+ Kh5 
75. Rf2 Rh4 76. Kc3 Rh3 77. Kd4 Kg6 78. Bf4 Kf5 79. Bc1+ Ke6 80. Re2+ Kf7 
81. Rf2+ Kg7 82. Be3 Rg3 83. Bc1 Rg4+ 84. Kc3 Bf7 85. Kb2 Rc4 86. Bf4 Bd5 
87. Bc1 Re4 88. Bd2 Kg8 89. Bc1 Ra4 90. Be3 Kg7 91. Kc1 Re4 92. Bd2 Ra4 
93. Be3 Re4 94. Bd2 Re7 95. Bc3+ Kg6 96. Bd2 Rb7 97. Kb2 Kh5 98. Be3 Rb4 
99. Rf4 Rb7 100. Rf2 Re7 101. Bd2 Ra7 102. Be3 Ra4 103. Kc3 Re4 104. Bc1 Rh4 
105. Kb2 Ra4 106. Be3 Kg6 107. Rf6+ Kh5 108. Rf2 Kg6 109. Rf6+ Kh7 1/2-1/2

[Event "Friday Night Engine Tour 13 rd Swiss 3m+1s Starts at 2200hrs ST"]
[Site "Infinity Chess"]
[Date "2018.4.13"]
[Round "5"]
[White "Time_bandit"]
[Black "Victorious"]
[Result "1/2-1/2"]
[ECO "C77"]
[WhiteElo "2574"]
[BlackElo "2620"]
[WhiteEngine "asmFishW_2018-02-02_popcnt"]
[BlackEngine "Cfish_x64_060418_LTO_popcnt"]
[EventType "Swiss"]
[WhiteTeam ""]
[BlackTeam ""]
[PlyCount "115"]
[TimeControl "180+1"]

1. e4 e5 2. Nf3 Nc6 3. Bb5 a6 4. Ba4 Nf6 5. O-O Be7 6. Re1 b5 7. Bb3 O-O 
8. c3 d5 9. exd5 Nxd5 10. Nxe5 Nxe5 11. Rxe5 c6 12. d4 Bd6 13. Re1 Qh4 
14. g3 Qh3 15. Be3 Bg4 16. Qd3 Rae8 17. Nd2 Re6 18. a4 Qh5 19. axb5 axb5 
20. Nf1 Bf5 21. Qd2 Bh3 22. Bd1 Qg6 23. Bf3 Qf5 24. Qd1 h5 25. Ra6 Bc7 
26. Bh1 Rf6 27. Qe2 h4 28. Bd2 Re6 29. Be4 Bxf1 30. Bxf5 Rxe2 31. Rd1 Rxd2 
32. Rxd2 Bc4 33. Rxc6 Ra8 34. Bc2 h3 35. f3 Ra2 36. b3 Bxb3 37. Bxb3 Rxd2 
38. Bxd5 Rg2+ 39. Kf1 Ba5 40. Rc8+ Kh7 41. Bxf7 Rxh2 42. Bg8+ Kh6 43. Be6 Rh1+ 
44. Kf2 h2 45. Rh8+ Kg5 46. Kg2 Re1 47. Bd7 Re2+ 48. Kh1 Bxc3 49. f4+ Kg6 
50. Bxb5 Rd2 51. Rxh2 Rxd4 52. Rh4 Kf6 53. Kg2 g5 54. fxg5+ Kxg5 55. Rxd4 Bxd4 
56. Kf3 Ba1 57. g4 Bb2 58. Bf1 1/2-1/2

[Event "Friday Night Engine Tour 13 rd Swiss 3m+1s Starts at 2200hrs ST"]
[Site "Infinity Chess"]
[Date "2018.4.13"]
[Round "4"]
[White "Arch Stanton"]
[Black "localhero"]
[Result "1/2-1/2"]
[ECO "C55"]
[WhiteElo "2516"]
[BlackElo "2499"]
[WhiteEngine "stockfish_18041209_x64_bmi2_CTG"]
[BlackEngine "asmFishW_2017-10-04_popcnt"]
[EventType "Swiss"]
[WhiteTeam ""]
[BlackTeam ""]
[PlyCount "124"]
[TimeControl "180+1"]

1. e4 e5 2. Nf3 Nc6 3. Bc4 Nf6 4. d3 Bc5 5. O-O d6 6. c3 a5 7. Re1 O-O 8. Bb3 h6 
9. h3 Ba7 10. Nbd2 b5 11. a4 b4 12. Bc4 Be6 13. Bb5 Ne7 14. d4 c6 15. Bd3 Ng6 
16. Nf1 Nh5 17. Be3 bxc3 18. bxc3 Nhf4 19. Ng3 Nxd3 20. Qxd3 Qc7 21. Nf5 Rfe8 
22. Rab1 Rad8 23. Qd2 Qd7 24. Ng3 f6 25. Qe2 Ra8 26. Qd3 Rab8 27. Qa6 Ra8 
28. Qd3 Rab8 29. Nd2 exd4 30. cxd4 Bf7 31. Nc4 d5 32. Nxa5 dxe4 33. Qa6 Bd5 
34. Rb7 Rxb7 35. Qxb7 Qxb7 36. Nxb7 Nh4 37. a5 f5 38. Nh5 Ra8 39. Rc1 Bf7 
40. Ng3 g5 41. Nd6 f4 42. Ngxe4 fxe3 43. fxe3 Bg6 44. Rxc6 Bb8 45. g3 Nf5 
46. Rc8+ Kg7 47. Ne8+ Bxe8 48. Rxe8 Kf7 49. Rd8 Nxe3 50. a6 Nf5 51. a7 Rxa7 
52. Rxb8 Re7 53. Nc5 Nxd4 54. Kg2 h5 55. Rb6 Nf5 56. Rb4 g4 57. hxg4 Ne3+ 
58. Kh3 hxg4+ 59. Rxg4 Nxg4 60. Kxg4 Re5 61. Nd3 Ra5 62. Nc1 Ra4+ 1/2-1/2

[Event "Friday Night Engine Tour 13 rd Swiss 3m+1s Starts at 2200hrs ST"]
[Site "Infinity Chess"]
[Date "2018.4.13"]
[Round "4"]
[White "RonWeasley"]
[Black "OlivierEvan"]
[Result "1-0"]
[ECO "A40"]
[WhiteElo "2482"]
[BlackElo "2423"]
[WhiteEngine "BrainFish 090218_CTG"]
[BlackEngine "cfish_9_x64_modern_windows"]
[EventType "Swiss"]
[WhiteTeam ""]
[BlackTeam ""]
[PlyCount "77"]
[TimeControl "180+1"]

1. d4 e6 2. e4 d5 3. e5 c5 4. c3 Nc6 5. Nf3 Qb6 6. a3 f6 7. Bd3 fxe5 8. dxe5 c4 
9. Bc2 g6 10. Nbd2 Qc7 11. O-O Bg7 12. Re1 Nh6 13. Ng5 O-O 14. Ndf3 Bd7 
15. Nd4 Rae8 16. f4 Nxd4 17. Qxd4 Qa5 18. a4 Qb6 19. Nf3 Rb8 20. Qf2 Qxf2+ 
21. Kxf2 a6 22. h3 Nf5 23. g4 Ne7 24. Kg3 b6 25. Be3 a5 26. Rg1 d4 27. cxd4 Bh6 
28. Rge1 Rbc8 29. Be4 Rf7 30. Rf1 Be8 31. h4 Bc6 32. Nd2 Nd5 33. Bxd5 Bxd5 
34. Nb1 Bc6 35. Nc3 Re8 36. Rad1 Bf8 37. f5 gxf5 38. gxf5 Rg7+ 39. Bg5 1-0

[Event "Friday Night Engine Tour 13 rd Swiss 3m+1s Starts at 2200hrs ST"]
[Site "Infinity Chess"]
[Date "2018.4.13"]
[Round "4"]
[White "alexxx97"]
[Black "Dovahkiin"]
[Result "1/2-1/2"]
[ECO "C50"]
[WhiteElo "2361"]
[BlackElo "2409"]
[WhiteEngine "stockfish_x64_modern_CTG"]
[BlackEngine "Raubfisch ME262_GTZ16f_CTG"]
[EventType "Swiss"]
[WhiteTeam ""]
[BlackTeam ""]
[PlyCount "114"]
[TimeControl "180+1"]

1. e4 e5 2. Nf3 Nc6 3. Bc4 Bc5 4. O-O Nf6 5. d3 d6 6. c3 a5 7. Bg5 O-O 8. Bh4 h6 
9. Nbd2 Ba7 10. Bb3 g5 11. Bg3 Be6 12. a4 Qe7 13. Nc4 Qd7 14. Ne3 Ne7 
15. Re1 Bxe3 16. Rxe3 Bxb3 17. Qxb3 Qe6 18. Qc2 Nh5 19. d4 f6 20. Ree1 b6 
21. Rad1 Rac8 22. b4 Kg7 23. bxa5 bxa5 24. Nd2 Rb8 25. Ra1 Ng6 26. Rad1 Qf7 
27. f3 Nxg3 28. hxg3 Ne7 29. Rb1 g4 30. f4 exf4 31. gxf4 f5 32. Rxb8 Rxb8 
33. e5 Ng6 34. Nf1 dxe5 35. dxe5 Nxf4 36. Ng3 Qg6 37. Rf1 Ne6 38. Rxf5 Rf8 
39. Nh5+ Kh8 40. Nf6 Nc5 41. g3 Nd7 42. Qe4 Nxf6 43. Qf4 Kg7 44. exf6+ Rxf6 
45. Qxc7+ Qf7 46. Qxf7+ Kxf7 47. Rxa5 Rf3 48. Rc5 Rxg3+ 49. Kh2 Rh3+ 50. Kg2 Re3 
51. a5 Kg6 52. a6 Re2+ 53. Kg3 Ra2 54. Kxg4 Rxa6 55. c4 Rf6 56. Rd5 Rf1 
57. c5 h5+ 1/2-1/2

[Event "Friday Night Engine Tour 13 rd Swiss 3m+1s Starts at 2200hrs ST"]
[Site "Infinity Chess"]
[Date "2018.4.13"]
[Round "4"]
[White "klasman"]
[Black "MGR"]
[Result "1/2-1/2"]
[ECO "D30"]
[WhiteElo "2404"]
[BlackElo "2499"]
[WhiteEngine "Raubfisch ME262_GTZ17a."]
[BlackEngine "Raubfisch ME262_GTZ17b"]
[EventType "Swiss"]
[WhiteTeam ""]
[BlackTeam ""]
[PlyCount "69"]
[TimeControl "180+1"]

1. d4 d5 2. c4 e6 3. Nf3 Nf6 4. Nc3 c6 5. Bg5 h6 6. Bh4 dxc4 7. e4 g5 8. Bg3 b5 
9. Be2 Bb7 10. h4 g4 11. Ne5 Nbd7 12. Nxd7 Qxd7 13. Bxg4 b4 14. Be5 bxc3 
15. Bxf6 cxb2 16. Rb1 Bb4+ 17. Kf1 Rg8 18. Rxb2 c5 19. d5 Rg6 20. Qf3 c3 
21. Rb1 Qa4 22. h5 Rg8 23. Rc1 c2 24. Bh4 f5 25. Bxf5 Qa3 26. Qf4 exf5 
27. Qe5+ Kd7 28. Qxf5+ Kc7 29. Qf4+ Kb6 30. Qd6+ Ka5 31. Qc7+ Ka4 32. Qd7+ Ka5 
33. Qc7+ Ka4 34. Qd7+ Ka5 35. Qc7+ 1/2-1/2

[Event "Friday Night Engine Tour 13 rd Swiss 3m+1s Starts at 2200hrs ST"]
[Site "Infinity Chess"]
[Date "2018.4.13"]
[Round "4"]
[White "Vimtiroba"]
[Black "Cepri"]
[Result "0-1"]
[ECO "C55"]
[WhiteElo "2527"]
[BlackElo "2510"]
[WhiteEngine "SF9 ''A5''_CTG"]
[BlackEngine "asmfishw_08A18b_CTG"]
[EventType "Swiss"]
[WhiteTeam ""]
[BlackTeam ""]
[PlyCount "182"]
[TimeControl "180+1"]

1. e4 e5 2. Nf3 Nc6 3. Bc4 Nf6 4. d3 Bc5 5. c3 d6 6. O-O O-O 7. h3 a5 
8. Nbd2 Be6 9. b3 d5 10. exd5 Bxd5 11. Qc2 Nh5 12. Re1 Ba7 13. Ba3 Re8 
14. Rad1 Qd7 15. Ne4 Rad8 16. Bc1 f5 17. Bb5 h6 18. c4 Bf7 19. Nc3 Qd6 
20. Nd5 Kh7 21. Bd2 Bxd5 22. cxd5 Qxd5 23. Bc4 Qd7 24. Bb5 Re6 25. d4 e4 
26. d5 Qxd5 27. Bc4 Qd7 28. Bxh6 Rd6 29. Rxd6 Qxd6 30. Ng5+ Kg6 31. Nf7 Nd4 
32. Qd1 Nf3+ 33. Qxf3 exf3 34. Nxd6 gxh6 35. Bf7+ Kg5 36. Bxh5 Kxh5 37. Nxf5 Rd2 
38. Ng3+ Kg6 39. Re6+ Kf7 40. Rf6+ Ke7 41. Rxf3 Rxa2 42. Nf5+ Kd7 43. Nxh6 b5 
44. Ng4 a4 45. bxa4 bxa4 46. h4 a3 47. Kh2 Bc5 48. Ne5+ Ke6 49. Nc4 Kd5 
50. Rc3 Kd4 51. Rc1 Re2 52. Nxa3 Bxa3 53. Rd1+ Ke4 54. f3+ Kf4 55. Rd3 Bb2 
56. Rd5 c6 57. Rc5 Re6 58. Ra5 Bd4 59. Ra3 Re2 60. Kh3 Re3 61. Ra8 Re1 
62. Kh2 c5 63. Ra3 c4 64. g3+ Ke5 65. Ra8 Kd5 66. Ra5+ Kd6 67. Ra2 c3 
68. Kh3 Kc5 69. h5 Kb4 70. Kg4 Kb3 71. Ra8 c2 72. Rc8 Bc3 73. Rb8+ Kc4 
74. Rc8+ Kd3 75. Rd8+ Bd4 76. Rc8 c1=Q 77. Rxc1 Rxc1 78. Kf4 Rf1 79. g4 Be3+ 
80. Ke5 Rxf3 81. g5 Bxg5 82. Kd5 Rh3 83. h6 Rxh6 84. Ke5 Rf6 85. Kd5 Bf4 
86. Kc5 Rd6 87. Kb4 Be3 88. Kb3 Rb6+ 89. Ka2 Kc3 90. Ka1 Kc2 91. Ka2 Ra6# 0-1